 Dungeon Crawl Stone Soup version 0.28-a0-796-gd4f0d3f9b2 (webtiles) character file.

Game seed: 14408222555738824187

3879 Grim the Transmogrifier (level 10, 0/65 HPs)
             Began as a Demonspawn Transmuter on Nov 6, 2021.
             Was a Follower of Vehumet.
             Slain by Joseph (15 damage)
             ... on level 8 of the Dungeon.
             The game lasted 00:19:49 (13782 turns).

Grim the Transmogrifier (Demonspawn Transmuter)    Turns: 13782, Time: 00:19:50

Health: 0/65       AC:  2    Str: 11    XL:     10   Next: 0%
Magic:  8/13       EV: 26    Int: 17    God:    Vehumet [*.....]
Gold:   463        SH:  0    Dex: 19    Spells: 3/13 levels left

rFire   . . .      SeeInvis .     - Unarmed
rCold   + . .      Faith    .   (shield currently unavailable)
rNeg    . . .      Spirit   .   (armour currently unavailable)
rPois   x          Reflect  .   (helmet currently unavailable)
rElec   .          Harm     .   (cloak currently unavailable)
rCorr   .          Rampage  .   (gloves currently unavailable)
Will    .....                   (boots currently unavailable)
Stlth   ++........              (no amulet)
HPRegen 0.20/turn               o - +4 ring of evasion
MPRegen 0.13/turn               n - ring of protection from cold

@: spider-form, wereblooded
A: venomous fangs, tiny, (hooves 2), repulsion field 2, demonic guardian 1,
demonic magic 1, (antennae 1), (fire resistance 1), sense surroundings 1,
(shaggy fur 1)
a: End Transformation, Renounce Religion


You were on level 8 of the Dungeon.
You worshipped Vehumet.
Vehumet was aware of your devotion.
You were a venomous arachnid creature.
You visited 2 branches of the dungeon, and saw 9 of its levels.

You collected 463 gold pieces.

Inventory:

Armour
 a - a +0 robe
 u - the +2 robe of Altruism (melded) {+Blink}
   (You found it on level 8 of the Dungeon)

   +Blink:    It lets you blink.
Jewellery
 m - a ring of positive energy
 n - a ring of protection from cold (right front leg)
 o - a +4 ring of evasion (left front leg)
Wands
 l - a wand of mindburst (29)
 t - a wand of iceblast (7)
Scrolls
 b - a scroll of torment {unknown}
 c - 2 scrolls of enchant weapon
 d - a scroll of amnesia {unknown}
 f - 3 scrolls of immolation
 i - 2 scrolls of teleportation {unknown}
 j - a scroll of silence {unknown}
 p - a scroll of magic mapping {unknown}
 q - 2 scrolls of blinking {unknown}
 r - a scroll of identify
 s - a scroll of acquirement {unknown}
Potions
 e - 3 potions of lignification
 g - a potion of cancellation
 h - a potion of brilliance
 v - a potion of curing


   Skills:
 - Level 1.0 Fighting
 - Level 1.7 Dodging
 * Level 6.6 Unarmed Combat
 - Level 2.0 Spellcasting
 + Level 11.9 Transmutations


You had 3 spell levels left.
You knew the following spells:

 Your Spells              Type           Power      Damage    Failure   Level
a - Beastly Appendage     Tmut           84%        N/A       1%          1
b - Wereblood             Tmut           42%        N/A       2%          2
c - Spider Form           Tmut/Pois      21%        N/A       14%         3
d - Ice Form              Ice/Tmut       21%        N/A       36%         4

Your spell library contained the following spells:

 Spells                   Type           Power      Damage    Failure   Level
 Foxfire                  Conj/Fire      4%         2x1d4     38%         1
 Summon Small Mammal      Summ           4%         N/A       38%         1
 Call Canine Familiar     Summ           1%         N/A       71%         3
 Summon Guardian Golem    Hex/Summ       1%         N/A       71%         3


Dungeon Overview and Level Annotations

Branches:
Dungeon (8/15)             Temple (1/1) D:6
   Lair: D:8-11

Altars:
Ashenzari
Cheibriados
Dithmenos
Elyvilon
Fedhas
Gozag
Hepliaklqana
Kikubaaqudgha
Makhleb
Nemelex Xobeh
Okawaru
Qazlal
Ru
Sif Muna
Trog
Uskayaw
Vehumet
Wu Jian
Xom
Yredelemnul
Zin
The Shining One

Annotations:
D:5 2 runed translucent doors
D:8 Joseph


Innate Abilities, Weirdness & Mutations

You are a venomous arachnid creature.
You have poisonous fangs.
You are tiny and dextrous.
Your spellcasting is less reliable in this form.
Your armour is entirely melded.
You are incapable of wielding weapons or throwing items.
((You have hoof-like feet.))
You are surrounded by a moderate repulsion field. (EV +3)
A weak demonic guardian rushes to your aid.
Spells you cast may paralyse adjacent enemies.
((You have a pair of small antennae on your head.))
((Your flesh is heat resistant. (rF+)))
You passively map a small area around you.
((You are covered in fur. (AC +1)))


Message History

The orc warrior looks as sick as possible!
The orc warrior is moderately wounded.
The orc warrior misses you.
Casting: Spider Form (dangerous; 14% risk of failure)
Confirm with . or Enter, or press ? or * to list all spells.
Your blood is infused with primal strength.
Malevolent energies surge around you.
The orc warrior suddenly stops moving!
Joseph completely misses you.
The helpless orc warrior fails to defend itself.
You hit the orc warrior but do no damage.
The orc warrior looks as sick as possible!
The orc warrior is heavily wounded.
Joseph hits you with a +0 quarterstaff!!
* * * LOW HITPOINT WARNING * * *
A demonic guardian appears!
The helpless orc warrior fails to defend itself.
You bite the orc warrior!
The orc warrior looks as sick as possible!
The orc warrior is almost dead.
You feel a bit better.
You kill the orc warrior!
Vehumet accepts your kill. Joseph completely misses you.
You have reached level 10!
Your demonic ancestry asserts itself...
Your mutations feel more permanent.
You bite Joseph!
Joseph is poisoned.
Joseph is lightly wounded.
You hit Joseph.
Joseph looks as sick as possible!
Joseph is lightly wounded.
Joseph hits you with a +0 quarterstaff!
* * * LOW HITPOINT WARNING * * *
Your quasit bites Joseph but does no damage.
Your quasit claws Joseph.
Your quasit barely misses Joseph.
You bite Joseph!
Joseph looks as sick as possible!
Joseph is moderately wounded.
Your quasit bites Joseph but does no damage.
Your quasit claws Joseph but does no damage.
Your quasit claws Joseph.
Joseph hits you with a +0 quarterstaff!
You die...

##.###......#......#.#
##.###.###..###...##.##
###...##.# #..(.###.#...#
.........# #.#....###.#.#
###...##.# #>..<......#.#
##.###.# ###...####.#.#
#.# #.# #...# #<#.# #..
#.# ##.@)# #.#.#####
##.##.# #..5s####.#.#...#
.##.# #..#............#
.# .# #...........#...#
.,#.#.#.#####.##.##
#.#.#.#.#####.##.######
###.#.#.#.##............#
*
...................####.#
* *###.#...####.##.####
#.. #...# #.##.# ###


You could see Joseph (extremely poisoned, ally target) and a friendly quasit
(summoned).

Vanquished Creatures
  A wyvern (D:7)
  4 yaks (D:8)
  3 water moccasins
  2 ice beasts
  3 orc warriors
  A black bear (D:8)
  A sky beast (D:7)
  2 ogres
  2 centaurs
  A kobold brigand (D:8)
  3 bullfrogs
  A scorpion (D:6)
  A wyvern zombie (D:8)
  3 wights
  9 killer bees (D:7)
  3 howler monkeys
  3 centaur zombies
  2 hounds
  A bullfrog skeleton (D:7)
  3 orc priests
  A gnoll shaman (D:7)
  5 iguanas
  3 orc wizards
  A howler monkey skeleton (D:5)
  6 gnolls
  6 adders
  A shadow imp (D:6)
  A white imp (D:6)
  An adder skeleton (D:4)
  A dart slug (D:2)
  16 orcs
  5 endoplasms
  2 giant cockroaches (D:4)
  6 goblins
  4 quokkas
  3 ball pythons
  3 bats
  2 frilled lizards (D:1)
  6 kobolds
  7 rats
129 creatures vanquished.

Vanquished Creatures (collateral kills)
  A sky beast (D:5)
  A scorpion (D:4)
  An iguana (D:6)
  An orc wizard (D:6)
4 creatures vanquished.

Grand Total: 133 creatures vanquished

Notes
Turn   | Place    | Note
-------+----------+-------------------------------------------
     0 | D:1      | Grim the Demonspawn Transmuter began the quest for the Orb.
     0 | D:1      | Reached XP level 1. HP: 15/15 MP: 3/3
   169 | D:1      | Found a faded altar of an unknown god.
   366 | D:1      | Reached skill level 2 in Transmutations
   533 | D:1      | Gained mutation: You are surrounded by a mild repulsion
                  | field. (EV +2) [demonic ancestry]
   533 | D:1      | Reached XP level 2. HP: 20/21 MP: 5/5
   920 | D:2      | Learned a level 2 spell: Wereblood
  1052 | D:2      | Gained mutation: A weak demonic guardian rushes to your
                  | aid. [demonic ancestry]
  1052 | D:2      | Reached XP level 3. HP: 13/26 MP: 4/6
  1939 | D:3      | Reached skill level 3 in Transmutations
  2020 | D:3      | Gained mutation: You are surrounded by a moderate repulsion
                  | field. (EV +3) [demonic ancestry]
  2020 | D:3      | Reached XP level 4. HP: 27/32 MP: 3/7
  2667 | D:4      | Noticed a scorpion
  2689 | D:4      | Killed a scorpion
  2690 | D:4      | Gained mutation: Spells you cast may paralyse adjacent
                  | enemies. [demonic ancestry]
  2690 | D:4      | Reached XP level 5. HP: 13/37 MP: 6/8
  3538 | D:4      | Noticed an ogre
  3553 | D:4      | Killed an ogre
  3554 | D:4      | Reached skill level 4 in Transmutations
  3554 | D:4      | Reached XP level 6. HP: 43/43 MP: 5/9
  3590 | D:4      | Learned a level 3 spell: Spider Form
  3868 | D:5      | Entered Level 5 of the Dungeon
  4265 | D:5      | Noticed a sky beast
  4481 | D:5      | Reached skill level 5 in Unarmed Combat
  4655 | D:5      | Killed a sky beast
  4656 | D:5      | Reached skill level 5 in Transmutations
  5027 | D:5      | Noticed a water moccasin
  5039 | D:5      | Killed a water moccasin
  5040 | D:5      | Lost mutation: You have razor-sharp toenails. [demonic
                  | ancestry]
  5040 | D:5      | Lost mutation: You have sharp toenails. [demonic ancestry]
  5040 | D:5      | Gained mutation: You have large cloven feet. [demonic
                  | ancestry]
  5040 | D:5      | Reached XP level 7. HP: 15/48 MP: 8/10
  5666 | D:5      | Found a runed translucent door.
  5668 | D:5      | Found a runed translucent door.
  7113 | D:6      | Reached skill level 6 in Transmutations
  7323 | D:6      | HP: 2/48 [something (4)]
  7770 | D:6      | Found a burning altar of Makhleb.
  8089 | D:6      | Reached skill level 7 in Transmutations
  8089 | D:6      | Reached XP level 8. HP: 46/54 MP: 5/11
  8720 | D:6      | Found a staircase to the Ecumenical Temple.
  8727 | Temple   | Entered the Ecumenical Temple
  9018 | Temple   | Became a worshipper of Vehumet
  9121 | D:6      | Identified the +1 ring mail of Action {rElec rF+}
  9203 | D:6      | Reached skill level 8 in Transmutations
 10233 | D:7      | Reached skill level 9 in Transmutations
 10559 | D:7      | Learned a level 4 spell: Ice Form
 10663 | D:7      | Reached XP level 9. HP: 53/59 MP: 8/12
 10851 | D:7      | Reached skill level 10 in Transmutations
 11797 | D:7      | Gained mutation: You occasionally shout uncontrollably at
                  | your foes. [potion of mutation]
 11797 | D:7      | Gained mutation: You are covered in fur. (AC +1) [potion of
                  | mutation]
 11853 | D:8      | Reached skill level 11 in Transmutations
 12468 | D:8      | Reached * piety under Vehumet
 12468 | D:8      | Offered knowledge of Foxfire by Vehumet.
 13299 | D:8      | Lost mutation: You occasionally shout uncontrollably at
                  | your foes. [potion of mutation]
 13299 | D:8      | Gained mutation: You have a pair of small antennae on your
                  | head. [potion of mutation]
 13299 | D:8      | Gained mutation: You passively map a small area around you.
                  | [potion of mutation]
 13299 | D:8      | Gained mutation: Your flesh is heat resistant. (rF+)
                  | [potion of mutation]
 13299 | D:8      | Gained mutation: You have hoof-like feet. [potion of
                  | mutation]
 13343 | D:8      | Identified the +2 robe of Altruism {+Blink}
 13417 | D:8      | Noticed Joseph
 13780 | D:8      | Mutation became permanent: You have large cloven feet.
                  | [demonic ancestry]
 13780 | D:8      | Gained mutation: You have hoof-like feet. [demonic
                  | ancestry]
 13780 | D:8      | Reached XP level 10. HP: 28/65 MP: 8/13
 13782 | D:8      | Slain by Joseph

Illustrated notes

Levels and vault maps discovered:
D:1:      dpeg_arrival_line_fractal, layout_loops_cross,
          ebering_ecumenical_altar_rust
D:2:      layout_rooms
D:3:      layout_loops_ring
D:4:      layout_basic
D:5:      lemuel_insect_pit, layout_layer_cave, minivault_4, moated_statue
D:6:      layout_basic, lightli_temple_of_fire,
          minmay_temple_entry_enclosed_plants, small_statue_intersection,
          item_on_display_a
D:7:      layout_loops_corners, minmay_misc_feat_columns
D:8:      minmay_slanted_spiral_squares, layout_loops_ring, uniq_joseph
Temple:   roderic_octagonal_lattice_temple

Skill      XL: |  1  2  3  4  5  6  7  8  9 |
---------------+----------------------------+-----
Transmutations | 2 3 4 5 7 9 11 | 11.9
Unarmed Combat | 3 4 5 6 |  6.6
Fighting       | |  1.0
Dodging        | |  1.7
Spellcasting   | |  2.0

Action                   |  1- 3 |  4- 6 |  7- 9 | 10-12 || total
-------------------------+-------+-------+-------+-------++-------
Melee: Unarmed           |    81 |   131 |   368 |     3 ||   583
       Kick              |    13 |    26 |    37 |       ||    76
       Headbutt          |     8 |    19 |    18 |       ||    45
       Punch             |     1 |     2 |     5 |       ||     8
 Cast: Beastly Appendage |    23 |    22 |    20 |       ||    65
       Wereblood         |     2 |     5 |     9 |       ||    16
       Spider Form       |       |       |    23 |       ||    23
  Use: Potion            |       |     4 |     3 |       ||     7
       Scroll            |       |     6 |     3 |       ||     9
 Stab: Sleeping          |     1 |       |       |       ||     1
       Paralysed         |       |    16 |    45 |       ||    61
       Distracted        |       |       |     1 |       ||     1
Armor: Robe              |    19 |    12 |     7 |       ||    38
       Skin              |       |       |     3 |       ||     3
Dodge: Dodged            |    74 |    95 |   305 |       ||   474

Table legend: (Time is in decaauts)
 A = Elapsed time spent in this place.
 B = Non-inter-level travel time spent in this place.
 C = Inter-level travel time spent in this place.
 D = Time resting spent in this place.
 E = Time spent auto-exploring this place.
 F = Levels seen in this place.
 G = Mean time per level.
                   A        B        C        D        E       F      G
               +--------+--------+--------+--------+--------+-----+--------+
         Total |  13700 |  13373 |    327 |   6614 |   5282 |   9 | 1522.2 |
       Dungeon |  13393 |  13081 |    312 |   6614 |   5036 |   8 | 1674.1 |
        Temple |    306 |    291 |     15 |      0 |    246 |   1 |  306.0 |
               +--------+--------+--------+--------+--------+-----+--------+

Top non-repeatable levels by time:
     D:5: 3416 daAuts
     D:6: 2272 daAuts
     D:7: 2099 daAuts
     D:8: 1605 daAuts
     D:4: 1336 daAuts
     D:3: 1090 daAuts
     D:1: 913 daAuts
     D:2: 659 daAuts
  Temple: 306 daAuts
